 Dungeon Crawl Stone Soup version 0.29.1-12-g30fa7ad0bf (webtiles) character file.

Game seed: 6172245752700471608

5758 xzight the Magician (level 10, -5/74 (79) HPs)
             Began as a Gnoll Warper on Dec 28, 2022.
             Was an Initiate of Gozag.
             Slain by a red devil
             ... wielding a +0 trident
             ... summoned by an orc sorcerer
              (16 damage)
             ... in a bailey.
             The game lasted 00:12:32 (6955 turns).

xzight the Magician (Gnoll Warper)                  Turns: 6955, Time: 00:12:33

HP:   -5/74 (79)    AC:  9    Str: 17    XL:     10   Next: 78%
MP:   21/21         EV: 13    Int: 16    God:    Gozag
Gold: 1171          SH:  0    Dex: 12    Spells: 22/24 levels left

rFire   . . .      SeeInvis .   t - +9 short sword of Discretion {venom, rElec rC+ Will+}
rCold   + . .      Faith    .   (no shield)
rNeg    . . .      Spirit   .   r - +0 chain mail
rPois   .          Reflect  .   h - +0 helmet
rElec   +          Harm     .   u - +2 cloak
rCorr   .          Rampage  .   A - +1 Delatra's gloves {ID++}
Will    +....                   (no boots)
Stlth   ..........              m - amulet of regeneration
HPRegen 1.02/turn               E - +4 ring of evasion
MPRegen 0.17/turn               S - +6 ring of strength

@: spiked, corroded, gold aura, drained
A: fangs 1, strong nose, distributed training
a: Renounce Religion, Potion Petition, Call Merchant, Bribe Branch


You were in a bailey.
You worshipped Gozag.
Gozag was most pleased with you.
You visited 1 branch of the dungeon, and saw 8 of its levels.
You also visited: Bailey.

You collected 1265 gold pieces.
You paid 94 gold pieces to Gozag.


Innate Abilities, Weirdness & Mutations

You have very sharp teeth.
Your uncanny sense of smell can sniff out nearby items.
Your experience applies equally to all skills.


   Skills:
 + Level 7.5 Fighting
 + Level 5.8 Short Blades
 + Level 5.8 Long Blades
 + Level 5.8 Axes
 + Level 7.5 Maces & Flails
 + Level 5.8 Polearms
 + Level 5.8 Staves
 + Level 5.8 Ranged Weapons
 + Level 6.4 Throwing
 + Level 6.4 Armour
 + Level 7.5 Dodging
 + Level 5.8 Stealth
 + Level 5.8 Shields
 + Level 5.8 Unarmed Combat
 + Level 7.7 Spellcasting
 + Level 4.8 Conjurations
 + Level 4.8 Hexes
 + Level 4.8 Summonings
 + Level 4.8 Necromancy
 + Level 7.4 Translocations
 + Level 4.8 Transmutations
 + Level 4.8 Fire Magic
 + Level 4.8 Ice Magic
 + Level 4.8 Air Magic
 + Level 4.8 Earth Magic
 + Level 4.8 Poison Magic
 + Level 6.4 Invocations
 + Level 5.8 Evocations


You had 22 spell levels left.
You knew the following spells:

 Your Spells              Type           Power      Damage    Failure   Level
a - Blink                 Tloc           58%        N/A       10%         2

Your spell library contained the following spells:

 Spells                   Type           Power      Damage    Failure   Level
 Shock                    Conj/Air       84%        1d8       19%         1
 Slow                     Hex            84%        N/A       19%         1
 Gell's Gravitas          Tloc           29%        N/A       21%         3
 Lesser Beckoning         Tloc           29%        N/A       21%         3
 Teleport Other           Tloc           29%        N/A       21%         3
 Poisonous Vapours        Pois/Air       42%        N/A       28%         2
 Conjure Flame            Conj/Fire      21%        6-21      50%         3
 Swiftness                Air            21%        N/A       50%         3
 Tukima's Dance           Hex            21%        N/A       50%         3
 Passage of Golubria      Tloc           29%        N/A       54%         4
 Airstrike                Air            10%        2d(2-18)  88%         4
 Anguish                  Hex/Necr       10%        N/A       88%         4
 Dispel Undead            Necr           21%        3d11      88%         4
 Petrify                  Tmut/Erth      21%        N/A       88%         4
 Manifold Assault         Tloc           29%        N/A       88%         5
 Metabolic Englaciation   Hex/Ice        10%        N/A       99%         5
 Silence                  Hex/Air        10%        N/A       99%         5
 Summon Mana Viper        Hex/Summ       21%        N/A       99%         5
 Statue Form              Tmut/Erth      14%        N/A       100%        6
 Ignition                 Fire           10%        3d5       100%        8
 Lehudib's Crystal Spear  Conj/Erth      10%        10d4      100%        8
 Corpse Rot               Necr/Pois/Air  Unusable   N/A       N/A         4

Inventory:

Hand Weapons
 t - the +9 short sword of Discretion (weapon) {venom, rElec rC+ Will+}
   (You found it on level 3 of the Dungeon)

   It poisons the flesh of those it strikes.
   rC:        It protects you from cold.
   rElec:     It insulates you from electricity.
   Will:      It increases your willpower.
Missiles
 H - 7 boomerangs of dispersal (quivered) {=f}
 L - 6 boomerangs
Armour
 h - a +0 helmet (worn)
 r - a +0 chain mail (worn)
 u - a +2 cloak (worn)
 A - the +1 Delatra's gloves (worn) {ID++}
   (You found it on level 3 of the Dungeon)

   It heals its wearer when they drink unknown potions.
   It restores its wearer's MP when they read unknown scrolls.
Jewellery
 d - a +6 ring of dexterity
 e - a +4 ring of evasion
 m - an amulet of regeneration (around neck)
 D - a +6 ring of dexterity
 E - a +4 ring of evasion (left hand)
 G - an amulet of guardian spirit
 I - a +6 ring of intelligence
 S - a +6 ring of strength (right hand)
 T - a +4 ring of protection
Wands
 a - a wand of polymorph (13)
 y - a wand of iceblast (25)
 F - a wand of digging (8)
Scrolls
 b - a scroll of acquirement {unknown}
 c - 3 scrolls of blinking
 i - 6 scrolls of identify {unknown}
 j - 2 scrolls of torment {unknown}
 l - a scroll of butterflies {unknown}
 q - 4 scrolls of enchant weapon {unknown}
 s - 2 scrolls of poison {unknown}
 v - a scroll of noise {unknown}
 x - a scroll of summoning {unknown}
 z - a scroll of magic mapping {unknown}
 B - 2 scrolls of immolation {unknown}
 C - a scroll of amnesia {unknown}
 J - a scroll of enchant armour {unknown}
 N - a scroll of teleportation {unknown}
Potions
 f - 6 potions of curing {unknown}
 g - a potion of mutation {unknown}
 k - a potion of attraction {unknown}
 n - 10 potions of degeneration
 o - 2 potions of brilliance {unknown}
 p - 4 potions of might {unknown}
 w - a potion of lignification {unknown}
 K - 2 potions of cancellation {unknown}
 M - 2 potions of haste {unknown}

Dungeon Overview and Level Annotations

Branches:
Dungeon (8/15)             Temple (0/1) D:7          Bailey (1/1)
   Lair: D:8-11

Altars:
Gozag
Hepliaklqana
Kikubaaqudgha
Makhleb
Qazlal
Ru
Trog
Xom

Annotations:
D:3 1 runed translucent door, Crazy Yiuf

#≈≈≈≈≈▒....))...)▒.......▒....▒≈≈
#≈≈≈≈≈▒....▒)...)).8.8.8.▒....▒≈≈
#≈≈≈≈≈▒.▒▒▒▒▒▒▒▒▒▒▒▒▒▒...▒▒▒▒▒▒≈≈
#≈≈≈≈≈~)▒[[+ ....▒......▒.~≈≈
#≈≈≈≈≈~.▒[[▒ ....▒......▒.~≈≈
#≈≈≈≈≈~.▒..▒ ....▒▒▒▒▒''▒.~≈≈
#≈≈≈≈≈~.▒▒▒▒▒▒▒▒▒....▒▒.....▒.~≈≈
#≈≈≈≈≈~.▒..8.8..▒....▒▒....))....
#≈≈≈≈≈~∩.......$@o4..▒▒..⌠.)'....
#≈≈≈≈≈~.▒..8.8..▒4...▒▒....)'....
#≈≈≈≈≈~.▒▒▒▒▒▒▒▒▒o...▒▒.....▒.~≈≈
#≈≈≈≈≈~.▒..▒ ....▒▒▒▒▒)'▒.~≈≈
#≈≈≈≈≈~.▒!!▒ ∆∆ ....▒...)..▒.~≈≈
#≈≈≈≈≈~.▒?!+ ∆∆ ....▒......▒.~≈≈
#≈≈≈≈≈▒)▒▒▒▒▒▒▒▒▒▒▒▒▒▒...▒▒▒▒▒▒≈≈
#≈≈≈≈≈▒....▒....)'[8.8.8.▒ ▒≈≈
#≈≈≈≈≈▒....)....)▒[......▒ ▒≈≈


You could see a rust devil (summoned), an orc sorcerer (extremely poisoned), a
red devil (summoned) and an orc.


Message History

You hit the orc sorcerer.
The orc sorcerer is poisoned.
You bite the orc sorcerer.
The orc sorcerer is moderately wounded.
The red devil hits you from afar with a +0 trident.
Barbed spikes become lodged in your body.
The rust devil hits you. The rust devil corrodes you!
The orc sorcerer is distracted by your dazzling golden aura.
The orc misses you.
You barely miss the orc sorcerer.
The orc sorcerer is no longer distracted by gold.
The orc sorcerer is moderately wounded.
The red devil misses you. The rust devil barely misses you.
You hit the orc sorcerer.
The orc sorcerer looks as sick as possible!
The orc sorcerer is heavily wounded.
The orc sorcerer casts a spell at you. The bolt of fire misses you.
The bolt of fire hits the orc!
The orc dies!
The red devil closely misses you. The rust devil hits you.
* * * LOW HITPOINT WARNING * * *
The rust devil corrodes you!
You hit the orc sorcerer but do no damage.
The orc sorcerer looks as sick as possible!
The orc sorcerer is heavily wounded.
The orc sorcerer gestures at you while chanting.
The bolt of negative energy hits you!!
You feel drained.
* * * LOW HITPOINT WARNING * * *
The red devil hits you from afar with a +0 trident!
You die...
Your body crumbles into a pile of gold.

Skill      XL: |  1  2  3  4  5  6  7  8  9 10 |
---------------+-------------------------------+-----
Spellcasting   | 5 6 7 |  7.7
Invocations    | 1 2 3 4 5 6 |  6.4
Short Blades   | 1 2 3 5 |  5.8
Long Blades    | 1 2 3 5 |  5.8
Axes           | 1 2 3 5 |  5.8
Polearms       | 1 2 3 5 |  5.8
Staves         | 1 2 3 5 |  5.8
Ranged Weapons | 1 2 3 5 |  5.8
Stealth        | 1 2 3 5 |  5.8
Shields        | 1 2 3 5 |  5.8
Unarmed Combat | 1 2 3 5 |  5.8
Evocations     | 1 2 3 5 |  5.8
Conjurations   | 1 2 3 4 |  4.8
Hexes          | 1 2 3 4 |  4.8
Summonings     | 1 2 3 4 |  4.8
Necromancy     | 1 2 3 4 |  4.8
Transmutations | 1 2 3 4 |  4.8
Fire Magic     | 1 2 3 4 |  4.8
Ice Magic      | 1 2 3 4 |  4.8
Air Magic      | 1 2 3 4 |  4.8
Earth Magic    | 1 2 3 4 |  4.8
Poison Magic   | 1 2 3 4 |  4.8
Throwing       | 3 4 5 6 |  6.4
Armour         | 3 4 5 6 |  6.4
Fighting       | 5 6 7 |  7.5
Maces & Flails | 5 6 7 |  7.5
Dodging        | 5 6 7 |  7.5
Translocations | 6 7 |  7.4

Action                   |  1- 3 |  4- 6 |  7- 9 | 10-12 || total
-------------------------+-------+-------+-------+-------++-------
Melee: Mace              |    94 |    33 |       |       ||   127
       Bite              |     8 |    13 |    31 |    21 ||    73
       Short sword       |       |    78 |   303 |   174 ||   555
       Unarmed           |       |     8 |       |       ||     8
       Punch             |       |     2 |     7 |     5 ||    14
Evoke: Wand              |       |       |       |     2 ||     2
 Stab: Distracted        |       |       |     2 |       ||     2
Armor: Leather armour    |     4 |       |       |       ||     4
       Scale mail        |    30 |    17 |       |       ||    47
       Chain mail        |       |    54 |   108 |    44 ||   206
       Skin              |       |     3 |       |       ||     3
Dodge: Dodged            |    75 |    94 |   165 |    82 ||   416

Levels and vault maps discovered:
D:1:      grunt_arrival_crossed_arrows, layout_basic
D:2:      layout_basic, nicolae_underground_beach, uniq_terence
D:3:      layout_rooms, grunt_qazlal_sundering, serial_glass, glass_columns_a,
          glass_columns_b, glass_columns_b, corexii_corridor_pit,
          pf_guarded_unrand_delatra, uniq_ijyb, uniq_crazy_yiuf_cottage
D:4:      layout_basic, worldfamousw_hep_ancestral_shrine,
          grunt_temple_overflow_open
D:5:      layout_loops_cross, minmay_crystal_room, serial_bayou_pond_c,
          nicolae_zen_rock_garden
D:6:      layout_basic, lemuel_tele_altar, uniq_menkaure
D:7:      layout_layer_cave, nicolae_ru_sacrificial_ziggurat,
          nicolae_overflow_crystal_walls, minmay_temple_entry_proselytizer,
          ldierk_geyser, nicolae_figureground_pulse, uniq_pikel, uniq_joseph
D:8:      minmay_distorted_concentric_squares, layout_loops_corners,
          enter_ossuary_2, enter_bailey_7
Bailey:   bailey_axe_of_yendor_kennysheep, bailey

Notes
Turn   | Place    | Note
-------+----------+-------------------------------------------
     0 | D:1      | xzight the Gnoll Warper began the quest for the Orb.
     0 | D:1      | Reached XP level 1. HP: 20/20 MP: 6/6
   430 | D:1      | Reached XP level 2. HP: 26/26 MP: 7/7
   981 | D:1      | Got the Writings on Malediction
  1128 | D:2      | Reached skill level 5 in Spellcasting
  1128 | D:2      | Reached XP level 3. HP: 31/31 MP: 7/9
  1307 | D:2      | Got the Guide on Pyromania and Mortification
  1394 | D:2      | Reached skill level 1 in Invocations
  1427 | D:2      | Noticed Terence
  1447 | D:2      | Killed Terence
  1448 | D:2      | Reached skill level 1 in Short Blades
  1448 | D:2      | Reached skill level 1 in Long Blades
  1448 | D:2      | Reached skill level 1 in Axes
  1448 | D:2      | Reached skill level 1 in Polearms
  1448 | D:2      | Reached skill level 1 in Staves
  1448 | D:2      | Reached skill level 1 in Ranged Weapons
  1448 | D:2      | Reached skill level 1 in Stealth
  1448 | D:2      | Reached skill level 1 in Shields
  1448 | D:2      | Reached skill level 1 in Unarmed Combat
  1448 | D:2      | Reached skill level 1 in Evocations
  1448 | D:2      | Reached XP level 4. HP: 16/38 MP: 11/11
  1880 | D:3      | Reached skill level 1 in Conjurations
  1880 | D:3      | Reached skill level 1 in Hexes
  1880 | D:3      | Reached skill level 1 in Summonings
  1880 | D:3      | Reached skill level 1 in Necromancy
  1880 | D:3      | Reached skill level 1 in Transmutations
  1880 | D:3      | Reached skill level 1 in Fire Magic
  1880 | D:3      | Reached skill level 1 in Ice Magic
  1880 | D:3      | Reached skill level 1 in Air Magic
  1880 | D:3      | Reached skill level 1 in Earth Magic
  1880 | D:3      | Reached skill level 1 in Poison Magic
  1897 | D:3      | Identified the +9 short sword of Discretion {venom, rElec
                  | rC+ Will+}
  1947 | D:3      | Found a runed translucent door.
  1948 | D:3      | Noticed Crazy Yiuf
  2031 | D:3      | Found a stormy altar of Qazlal.
  2108 | D:3      | Noticed Ijyb
  2150 | D:3      | Killed Ijyb
  2151 | D:3      | Reached XP level 5. HP: 39/43 MP: 12/12
  2229 | D:3      | You fall into a shaft and drop 2 floors!
  2229 | D:5      | Entered Level 5 of the Dungeon
  2252 | D:5      | Noticed a centaur
  2266 | D:5      | Killed a centaur
  2267 | D:5      | Reached skill level 3 in Throwing
  2267 | D:5      | Reached skill level 3 in Armour
  2267 | D:5      | Reached skill level 2 in Invocations
  2320 | D:5      | Reached XP level 6. HP: 50/50 MP: 13/13
  2407 | D:5      | Reached skill level 5 in Fighting
  2407 | D:5      | Reached skill level 2 in Short Blades
  2407 | D:5      | Reached skill level 2 in Long Blades
  2407 | D:5      | Reached skill level 2 in Axes
  2407 | D:5      | Reached skill level 5 in Maces & Flails
  2407 | D:5      | Reached skill level 2 in Polearms
  2407 | D:5      | Reached skill level 2 in Staves
  2407 | D:5      | Reached skill level 2 in Ranged Weapons
  2407 | D:5      | Reached skill level 5 in Dodging
  2407 | D:5      | Reached skill level 2 in Stealth
  2407 | D:5      | Reached skill level 2 in Shields
  2407 | D:5      | Reached skill level 2 in Unarmed Combat
  2407 | D:5      | Reached skill level 2 in Evocations
  2440 | D:5      | Noticed a black bear
  2455 | D:5      | Killed a black bear
  2632 | D:5      | Noticed a black bear
  2642 | D:5      | Killed a black bear
  2643 | D:5      | Reached skill level 2 in Conjurations
  2643 | D:5      | Reached skill level 2 in Hexes
  2643 | D:5      | Reached skill level 2 in Summonings
  2643 | D:5      | Reached skill level 2 in Necromancy
  2643 | D:5      | Reached skill level 2 in Transmutations
  2643 | D:5      | Reached skill level 2 in Fire Magic
  2643 | D:5      | Reached skill level 2 in Ice Magic
  2643 | D:5      | Reached skill level 2 in Air Magic
  2643 | D:5      | Reached skill level 2 in Earth Magic
  2643 | D:5      | Reached skill level 2 in Poison Magic
  2643 | D:5      | Reached XP level 7. HP: 52/56 MP: 15/15
  2720 | D:5      | Reached skill level 3 in Invocations
  2797 | D:4      | Found an ancient bone altar of Kikubaaqudgha.
  2797 | D:4      | Found a burning altar of Makhleb.
  2798 | D:4      | Found an opulent altar of Gozag.
  2806 | D:4      | Became a worshipper of Gozag Ym Sagoz the Greedy
  2836 | D:4      | Reached skill level 6 in Translocations
  2861 | D:4      | Reached skill level 3 in Short Blades
  2861 | D:4      | Reached skill level 3 in Long Blades
  2861 | D:4      | Reached skill level 3 in Axes
  2861 | D:4      | Reached skill level 3 in Polearms
  2861 | D:4      | Reached skill level 3 in Staves
  2861 | D:4      | Reached skill level 3 in Ranged Weapons
  2861 | D:4      | Reached skill level 4 in Throwing
  2861 | D:4      | Reached skill level 4 in Armour
  2861 | D:4      | Reached skill level 3 in Stealth
  2861 | D:4      | Reached skill level 3 in Shields
  2861 | D:4      | Reached skill level 3 in Unarmed Combat
  2861 | D:4      | Reached skill level 3 in Evocations
  2861 | D:4      | Reached XP level 8. HP: 61/63 MP: 16/16
  2895 | D:4      | Reached skill level 6 in Spellcasting
  3295 | D:4      | Found a hazy altar of Hepliaklqana.
  3428 | D:3      | Found the +1 Delatra's gloves {ID++}
  4032 | D:6      | Reached skill level 4 in Invocations
  4034 | D:6      | Reached skill level 3 in Conjurations
  4034 | D:6      | Reached skill level 3 in Hexes
  4034 | D:6      | Reached skill level 3 in Summonings
  4034 | D:6      | Reached skill level 3 in Necromancy
  4034 | D:6      | Reached skill level 3 in Transmutations
  4034 | D:6      | Reached skill level 3 in Fire Magic
  4034 | D:6      | Reached skill level 3 in Ice Magic
  4034 | D:6      | Reached skill level 3 in Air Magic
  4034 | D:6      | Reached skill level 3 in Earth Magic
  4034 | D:6      | Reached skill level 3 in Poison Magic
  4163 | D:6      | Reached skill level 6 in Fighting
  4163 | D:6      | Reached skill level 6 in Maces & Flails
  4163 | D:6      | Reached skill level 6 in Dodging
  4255 | D:6      | Reached XP level 9. HP: 55/69 MP: 18/18
  4265 | D:6      | Reached skill level 4 in Short Blades
  4265 | D:6      | Reached skill level 4 in Long Blades
  4265 | D:6      | Reached skill level 4 in Axes
  4265 | D:6      | Reached skill level 4 in Polearms
  4265 | D:6      | Reached skill level 4 in Staves
  4265 | D:6      | Reached skill level 4 in Ranged Weapons
  4265 | D:6      | Reached skill level 4 in Stealth
  4265 | D:6      | Reached skill level 4 in Shields
  4265 | D:6      | Reached skill level 4 in Unarmed Combat
  4265 | D:6      | Reached skill level 4 in Evocations
  4450 | D:6      | Learned a level 2 spell: Blink
  4599 | D:6      | Found a bloodstained altar of Trog.
  4600 | D:6      | Noticed Menkaure
  4763 | D:6      | Killed Menkaure
  4927 | D:6      | Reached skill level 5 in Throwing
  4927 | D:6      | Reached skill level 5 in Armour
  5265 | D:7      | Reached skill level 5 in Invocations
  5388 | D:7      | Reached skill level 7 in Spellcasting
  5602 | D:7      | Found a shimmering altar of Xom.
  5602 | D:7      | Noticed Pikel
  5623 | D:7      | Killed Pikel
  5624 | D:7      | Reached skill level 5 in Short Blades
  5624 | D:7      | Reached skill level 5 in Long Blades
  5624 | D:7      | Reached skill level 5 in Axes
  5624 | D:7      | Reached skill level 5 in Polearms
  5624 | D:7      | Reached skill level 5 in Staves
  5624 | D:7      | Reached skill level 5 in Ranged Weapons
  5624 | D:7      | Reached skill level 5 in Stealth
  5624 | D:7      | Reached skill level 5 in Shields
  5624 | D:7      | Reached skill level 5 in Unarmed Combat
  5624 | D:7      | Reached skill level 4 in Conjurations
  5624 | D:7      | Reached skill level 4 in Hexes
  5624 | D:7      | Reached skill level 4 in Summonings
  5624 | D:7      | Reached skill level 4 in Necromancy
  5624 | D:7      | Reached skill level 4 in Transmutations
  5624 | D:7      | Reached skill level 4 in Fire Magic
  5624 | D:7      | Reached skill level 4 in Ice Magic
  5624 | D:7      | Reached skill level 4 in Air Magic
  5624 | D:7      | Reached skill level 4 in Earth Magic
  5624 | D:7      | Reached skill level 4 in Poison Magic
  5624 | D:7      | Reached skill level 5 in Evocations
  5624 | D:7      | Reached XP level 10. HP: 53/77 MP: 20/20
  5656 | D:7      | Noticed Joseph
  5677 | D:7      | Killed Joseph
  5678 | D:7      | Reached skill level 7 in Fighting
  5678 | D:7      | Reached skill level 7 in Maces & Flails
  5678 | D:7      | Reached skill level 7 in Dodging
  5678 | D:7      | Reached skill level 7 in Translocations
  5744 | D:7      | Found a staircase to the Ecumenical Temple.
  5971 | D:7      | Found a sacrificial altar of Ru.
  6351 | D:8      | Noticed a two-headed ogre
  6355 | D:8      | Killed a two-headed ogre
  6356 | D:8      | Reached skill level 6 in Throwing
  6356 | D:8      | Reached skill level 6 in Armour
  6456 | D:8      | Found a flagged portal.
  6464 | D:8      | Reached skill level 6 in Invocations
  6479 | Bailey   | Entered a bailey
  6604 | Bailey   | Noticed a kobold demonologist
  6619 | Bailey   | Killed a kobold demonologist
  6936 | Bailey   | Found an iron altar of Okawaru.
  6936 | Bailey   | Noticed an orc sorcerer
  6950 | Bailey   | Noticed a rust devil
  6955 | Bailey   | Slain by a red devil

Vanquished Creatures
  A two-headed ogre (D:8)
  Pikel (D:7)
  Joseph (D:7)
  A kobold demonologist (Bailey)
  A steam dragon (D:7)
  Menkaure (D:6)
  An acid dragon (D:8)
  3 ice beasts
  12 orc warriors
  4 black bears
  An ogre (D:6)
  5 centaurs
  A phantom (D:4)
  2 lemures (D:7)
  A gnoll sergeant (D:4)
  2 scorpions
  2 bullfrogs (D:7)
  6 wights
  An electric eel (Bailey)
  3 hounds
  2 jellies
  5 orc priests
  4 iguanas
  Ijyb (D:3)
  Terence (D:2)
  4 orc wizards
  5 adders
  8 gnolls
  A shadow imp (D:5)
  3 white imps
  2 ufetubi
  2 worms (D:3)
  3 dart slugs
  28 orcs
  4 bats
  9 endoplasms
  2 giant cockroaches
  7 hobgoblins
  6 quokkas
  8 ball pythons
  3 frilled lizards
  19 goblins
  10 kobolds
  5 rats
192 creatures vanquished.

Vanquished Creatures (others)
  An orc (Bailey)
  A goblin (Bailey)
2 creatures vanquished.

Grand Total: 194 creatures vanquished

Table legend: (Time is in decaauts)
 A = Elapsed time spent in this place.
 B = Non-inter-level travel time spent in this place.
 C = Inter-level travel time spent in this place.
 D = Time resting spent in this place.
 E = Time spent auto-exploring this place.
 F = Levels seen in this place.
 G = Mean time per level.
                   A        B        C        D        E       F      G
               +--------+--------+--------+--------+--------+-----+--------+
         Total |   6927 |   6670 |    257 |    180 |   4852 |   9 |  769.7 |
       Dungeon |   6474 |   6217 |    257 |    128 |   4756 |   8 |  809.2 |
        Bailey |    452 |    452 |      0 |     52 |     95 |   1 |  452.0 |
               +--------+--------+--------+--------+--------+-----+--------+

Top non-repeatable levels by time:
     D:7: 1362 daAuts
     D:1: 1125 daAuts
     D:6: 1032 daAuts
     D:5: 850 daAuts
     D:3: 752 daAuts
     D:2: 675 daAuts
     D:4: 533 daAuts
  Bailey: 452 daAuts
     D:8: 143 daAuts

Table legend:
 A = Non-vault XP
 B = Vault XP
 C = Vault XP percentage of total XP
 D = Non-vault monster count
 E = Vault monster count
 F = Vault count percentage of total count
                 A         B        C        D         E       F
            +---------+---------+-------+---------+---------+-------
      Total |    4944 |    3283 |  39.9 |     140 |      51 |  26.7
            +---------+---------+-------+---------+---------+-------
        D:1 |      33 |       0 |   0.0 |      22 |       0 |   0.0
        D:2 |      23 |      36 |  61.0 |      12 |       1 |   7.7
        D:3 |      61 |      86 |  58.5 |      23 |       7 |  23.3
        D:4 |     556 |       0 |   0.0 |      24 |       0 |   0.0
        D:5 |     910 |       0 |   0.0 |      16 |       0 |   0.0
        D:6 |     912 |     172 |  15.9 |      18 |       1 |   5.3
        D:7 |    1486 |    1104 |  42.6 |      23 |       3 |  11.5
        D:8 |     963 |      45 |   4.5 |       2 |       4 |  66.7
     Bailey |       0 |    1840 | 100.0 |       0 |      35 | 100.0
            +---------+---------+-------+---------+---------+-------
